 Dungeon Crawl Stone Soup version 0.30-a0-596-g0af90f9a20 (webtiles) character file.

Game seed: 2119603673578140035

2341 Darkkill the Skirmisher (level 9, -12/81 HPs)
             Began as a Minotaur Hunter on Jan 6, 2023.
             Mangled by a death yak (19 damage)
             ... on level 8 of the Dungeon.
             The game lasted 00:07:13 (6969 turns).

Darkkill the Skirmisher (Minotaur Hunter)           Turns: 6969, Time: 00:07:13

Health: -12/81     AC:  6    Str: 21    XL:     9   Next: 20%
Magic:  8/8        EV: 18    Int:  6    God:
Gold:   452        SH:  0    Dex: 27    Spells: 8/8 levels left

rFire   . . .      SeeInvis .    b - +5 quarterstaff of the Ecumenical Temple {venom, rElec rPois Str+4 Dex+4}
rCold   . . .      Faith    .    (shield currently unavailable)
rNeg    . . .      Spirit   .    c - +1 leather armour
rPois   +          Reflect  .    (helmet restricted)
rElec   +          Harm     +    x - scarf {harm}
rCorr   .          Rampage  .    t - +1 pair of gloves
Will    .....                    (no boots)
Stlth   ++++                     (no amulet)
HPRegen 0.33/turn                o - +6 ring of dexterity
MPRegen 0.11/turn                (no ring)

@: about to teleport
A: horns 2, retaliatory headbutt
a: no special abilities


You were on level 8 of the Dungeon.
You visited 1 branch of the dungeon, and saw 8 of its levels.
You also visited: Sewer.

You collected 452 gold pieces.

Inventory:

Hand Weapons
 a - a +0 shortbow
 b - the +5 quarterstaff of the Ecumenical Temple (weapon) {venom, rElec rPois Str+4 Dex+4}
   (You found it on level 5 of the Dungeon)

   Str:       It affects your strength (+4).
   Dex:       It affects your dexterity (+4).
   rElec:     It insulates you from electricity.
   rPois:     It protects you from poison.
Missiles
 e - 45 stones
 g - 15 boomerangs
 h - 3 throwing nets {=f !f}
 l - 12 poisoned darts
 r - 3 javelins
Armour
 c - a +1 leather armour (worn)
 t - a +1 pair of gloves (worn)
 x - a scarf of harm (worn)
Jewellery
 o - a +6 ring of dexterity (left hand)
 B - an amulet of faith
Wands
 v - a wand of light (2)
 y - a wand of charming (7)
Scrolls
 m - 2 scrolls of fog
 w - 3 scrolls of immolation
 z - a scroll of amnesia
 A - 2 scrolls of identify {@r1}
 C - a scroll of fear
Potions
 d - a potion of might
 f - 3 potions of curing {@q1}
 i - 2 potions of mutation
 j - 2 potions of flight
 n - a potion of haste
 p - 2 potions of magic
 s - 3 potions of attraction
 u - a potion of lignification


   Skills:
 + Level 7.8 Fighting
 + Level 8.1 Ranged Weapons
 + Level 7.0 Dodging
 + Level 5.5 Stealth


You had 8 spell levels left.
You didn't know any spells.
Your spell library contained the following spells:

 Spells                   Type           Power      Damage    Failure   Level
 Magic Dart               Conj           0%         1d3       50%         1
 Summon Small Mammal      Summ           0%         N/A       50%         1
 Passwall                 Tmut/Erth      0%         N/A       65%         2
 Searing Ray              Conj           0%         2d4       65%         2
 Call Canine Familiar     Summ           0%         N/A       86%         3
 Gell's Gravitas          Tloc           0%         N/A       86%         3
 Ignite Poison            Fire/Tmut/Pois 0%         N/A       86%         3
 Lesser Beckoning         Tloc           0%         N/A       86%         3
 Summon Guardian Golem    Hex/Summ       0%         N/A       86%         3
 Teleport Other           Tloc           0%         N/A       86%         3
 Fulminant Prism          Conj/Hex       0%         3d5       99%         4
 Sticky Flame             Conj/Fire      0%         2d3       99%         4
 Ignition                 Fire           0%         3d3       100%        8


Dungeon Overview and Level Annotations

Branches:
Dungeon (8/15)             Temple (0/1) D:6            Lair (0/5) D:8
  Sewer (visited)

Altars:
Elyvilon
Fedhas
Hepliaklqana
Okawaru
Qazlal
Xom
The Shining One

Shops:
D:6 *

Annotations:
D:5 3 runed translucent doors, Zonian's ghost, novice VSBr; flotson's ghost, novice DsDe


Innate Abilities, Weirdness & Mutations

You have a pair of horns on your head.
You reflexively headbutt those who attack you in melee.


Message History

An orc is nearby!
You shoot an arrow. The arrow hits the orc.
The orc is severely wounded.
An orc is nearby!
You shoot an arrow.
The arrow hits the orc but does no damage.
The orc is severely wounded.
The orc completely misses you.
An orc is nearby!
You shoot an arrow. The arrow hits the orc.
The orc is almost dead.
The orc misses you. You furiously retaliate!
You headbutt the orc.
You kill the orc!
Things that are here:
a +0 club; a +0 ring mail; an orc corpse
Things that are here:
a +0 club; a +0 ring mail; an orc corpse
Found a stone staircase leading down.
No target in view!
There is a stone staircase leading down here.
A - 2 scrolls of identify {@r1} (gained 1)
You now have 440 gold pieces (gained 9).
You now have 452 gold pieces (gained 12).
A death yak comes into view.
Found 5 poisoned darts.
You shoot an arrow.
The arrow hits the death yak but does no damage.
The death yak bellows!
A death yak comes into view.
There are monsters nearby!
You shoot an arrow. The death yak bellows!
The arrow hits the death yak.
The death yak is lightly wounded.
You hear a bellow! x2
There are monsters nearby!
You shoot an arrow.
The arrow hits the death yak but does no damage.
The death yak is lightly wounded.
A two-headed ogre comes into view.
It is wielding a +0 giant spiked club and a +0 giant club.
A death yak comes into view.
You shoot an arrow. The two-headed ogre shouts in stereo!
The arrow hits the death yak but does no damage.
The death yak is lightly wounded.
You shoot an arrow. The arrow hits the death yak.
The death yak is lightly wounded.
A death yak comes into view.
You shoot an arrow. The death yak bellows!
The arrow hits the death yak but does no damage.
The death yak is lightly wounded.
You hear a bellow!
The death yak gores you!
You shoot an arrow. The arrow hits the death yak.
The death yak is lightly wounded.
A death yak comes into view.
The death yak closely misses you.
As you read the scroll of teleportation, it crumbles to dust.
You feel strangely unstable. The death yak misses you. You furiously retaliate!
You headbutt the death yak! The death yak gores you!
A death yak comes into view.
Your surroundings suddenly seem different.
Found a staircase to the Lair.
As you read the scroll of enchant armour, it crumbles to dust.
Your +0 pair of gloves glows green for a moment.
HP restored.
The death yak bellows!
You feel stronger.
You feel agile.
The +5 quarterstaff of the Ecumenical Temple {venom, rElec rPois Str+4 Dex+4} begins to drip with poison!
b - the +5 quarterstaff of the Ecumenical Temple (weapon)
{venom, rElec rPois Str+4 Dex+4} The death yak bellows!
You hear a bellow! x2; The death yak bellows!
The death yak bellows!
You sock the death yak!
The death yak is lightly wounded.
The death yak gores you!!
The two-headed ogre shouts in stereo!
The death yak attacks as you move away! The death yak barely misses you.
You furiously retaliate!
You headbutt the death yak! You hit the death yak.
The death yak is poisoned.
The death yak is lightly wounded.
The death yak misses you. The death yak gores you. The death yak gores you!
The death yak gores you!!
* * * LOW HITPOINT WARNING * * *
The death yak bellows!
You feel much better. The death yak misses you. The death yak gores you.
The death yak misses you.
As you read the scroll of teleportation, it crumbles to dust.
You feel strangely unstable. The death yak gores you!!
* * * LOW HITPOINT WARNING * * *
The death yak closely misses you. You furiously retaliate!
You headbutt the death yak! The death yak barely misses you.
You feel much better. The death yak barely misses you. The death yak gores you!
* * * LOW HITPOINT WARNING * * *
The death yak misses you.
You feel better. The death yak gores you!
* * * LOW HITPOINT WARNING * * *
The death yak snorts and paws the ground.
The death yak gores you!
You die...

.# #.# ##### .#
#.#######.... .# .#
#....Y......# .# .#
######.##....####.#### .#
..#^...........# .#
..Y..Y.......#.# .#####
....Y..........# .....#
..(...#YY......# .###.#
..#...#@Y......## .# #.#
.##...Y.........#
.###.####.##.............#
..........#..............#
####.#######.#.#.........#
#.# ########.##.#.# #.#
#.##...# #.# #.##.### #.#
#.##.#


You could see 5 death yaks.

Vanquished Creatures
  A water moccasin (D:6)
  An orc warrior (D:7)
  A sky beast (D:7)
  An ice beast (D:6)
  A black bear (D:7)
  4 ogres
  2 centaurs
  A phantom (D:6)
  Blork the orc (D:5)
  2 bullfrogs
  3 scorpions
  4 wights (D:7)
  A jelly (D:5)
  2 hounds (D:5)
  3 orc priests
  A gnoll bouda (D:6)
  2 iguanas
  8 orc wizards
  6 gnolls
  8 adders
  A white imp (D:6)
  An ufetubus (D:5)
  4 worms
  28 orcs
  9 ball pythons
  5 endoplasms
  6 giant cockroaches
  11 goblins
  7 hobgoblins
  7 quokkas
  5 bats (D:1)
  4 frilled lizards
  6 kobolds
  6 rats
153 creatures vanquished.

Vanquished Creatures (others)
  An endoplasm (D:3)
  6 withered plants (D:5)
7 creatures vanquished.

Grand Total: 160 creatures vanquished

Notes
Turn   | Place    | Note
-------+----------+-------------------------------------------
     0 | D:1      | Darkkill the Minotaur Hunter began the quest for the Orb.
     0 | D:1      | Reached XP level 1. HP: 18/18 MP: 0/0
   100 | D:1      | Reached skill level 1 in Stealth
   119 | D:1      | Reached XP level 2. HP: 25/25 MP: 1/1
   813 | D:2      | Reached XP level 3. HP: 31/31 MP: 2/2
  1151 | D:2      | Reached XP level 4. HP: 38/38 MP: 3/3
  1453 | D:2      | Found a stormy altar of Qazlal.
  1457 | D:2      | Got Jacu's Directory of Quantum Forms
  1682 | D:3      | Noticed a scorpion
  1693 | D:3      | Killed a scorpion
  1694 | D:3      | Reached skill level 5 in Ranged Weapons
  1694 | D:3      | Reached XP level 5. HP: 12/46 MP: 4/4
  1695 | D:3      | HP: 9/46 [poisoned by a scorpion]
  1780 | D:3      | Found a glowing drain.
  1784 | Sewer    | Entered a sewer
  2833 | D:3      | Found a white marble altar of Elyvilon.
  3065 | D:4      | Found a glowing golden altar of the Shining One.
  3076 | D:4      | Noticed an ogre
  3083 | D:4      | Killed an ogre
  3084 | D:4      | Reached XP level 6. HP: 35/53 MP: 5/5
  3650 | D:5      | Entered Level 5 of the Dungeon
  3756 | D:5      | Reached skill level 5 in Fighting
  3756 | D:5      | Reached skill level 6 in Ranged Weapons
  3756 | D:5      | Reached XP level 7. HP: 43/61 MP: 6/6
  3924 | D:5      | Found a shimmering altar of Xom.
  3924 | D:5      | Found a shimmering altar of Xom.
  3927 | D:5      | Found a shimmering altar of Xom.
  3927 | D:5      | Found a shimmering altar of Xom.
  3940 | D:5      | Noticed Blork the orc
  3956 | D:5      | Killed Blork the orc
  4167 | D:5      | Found a runed translucent gate.
  4167 | D:5      | Found a runed translucent gate.
  4167 | D:5      | Found a runed translucent gate.
  4168 | D:5      | Noticed Zonian's ghost (novice VSBr)
  4169 | D:5      | Noticed flotson's ghost (novice DsDe)
  4231 | D:5      | Found a blossoming altar of Fedhas.
  4260 | D:5      | Reached skill level 5 in Dodging
  4404 | D:5      | Identified the +5 quarterstaff of the Ecumenical Temple
                  | {venom, rElec rPois Str+4 Dex+4}
  4919 | D:6      | Reached XP level 8. HP: 67/70 MP: 7/7
  5086 | D:6      | Found Myosowe's Fire Supplies.
  5222 | D:6      | Reached skill level 7 in Ranged Weapons
  5457 | D:6      | Found a staircase to the Ecumenical Temple.
  5813 | D:7      | Reached skill level 5 in Stealth
  5970 | D:7      | Found an iron altar of Okawaru.
  6089 | D:7      | Reached XP level 9. HP: 71/79 MP: 8/8
  6129 | D:7      | Found a stormy altar of Qazlal.
  6339 | D:7      | Reached skill level 8 in Ranged Weapons
  6689 | D:8      | Found a hazy altar of Hepliaklqana.
  6824 | D:8      | Noticed a death yak
  6825 | D:8      | Noticed a death yak
  6827 | D:8      | Noticed a two-headed ogre
  6827 | D:8      | Noticed a death yak
  6829 | D:8      | Noticed a death yak
  6831 | D:8      | Noticed a death yak
  6832 | D:8      | Noticed a death yak
  6834 | D:8      | Found a staircase to the Lair.
  6965 | D:8      | HP: 3/81 [death yak (32)]
  6969 | D:8      | Mangled by a death yak

Illustrated notes

Levels and vault maps discovered:
D:1:      psy_arrival_spokes, layout_basic, st_stairs_10
D:2:      layout_loops_ring, basic_altar
D:3:      layout_basic, elyvilon_altar_4, gup_sewer_entry_spiral,
          minmay_misc_feat_secret_circle
D:4:      layout_cave_pools, old_standard_altar
D:5:      layout_rooms, fedhas_altar_1, xom_redecorated,
          gammafunk_ghost_cemetery, minmay_checkerbox, uniq_blork_the_orc
D:6:      layout_loops_ring, temple_doors_ab, nicolae_shop_fire_sale
          [nicolae_sub_dead_trees], hangedman_decor_diamond_cutter,
          eino_tiny_chamber
D:7:      layout_loops_ring, kennysheep_mini, okawaru_gym_becter
D:8:      layout_loops_ring, mainiacjoe_overflow_alcove_1,
          general_overflow_altar, dpeg_lair_monsters, uniq_maggie

Skill      XL: |  1  2  3  4  5  6  7  8  9 |
---------------+----------------------------+-----
Stealth        | 1 2 3 4 5 |  5.5
Fighting       | 3 4 5 6 7 |  7.8
Dodging        | 3 4 5 6 7 |  7.0
Ranged Weapons | 5 6 7 8 |  8.1

Action                   |  1- 3 |  4- 6 |  7- 9 || total
-------------------------+-------+-------+-------++-------
Melee: Quarterstaff      |       |       |     2 ||     2
 Fire: Shortbow          |    79 |   183 |   262 ||   524
  Use: Scroll            |     1 |     9 |    11 ||    21
       Potion            |       |     2 |     4 ||     6
Armor: Leather armour    |     4 |    18 |    18 ||    40
Dodge: Dodged            |    34 |    50 |   127 ||   211

Table legend: (Time is in decaauts)
 A = Elapsed time spent in this place.
 B = Non-inter-level travel time spent in this place.
 C = Inter-level travel time spent in this place.
 D = Time resting spent in this place.
 E = Time spent auto-exploring this place.
 F = Levels seen in this place.
 G = Mean time per level.
                   A        B        C        D        E       F      G
               +--------+--------+--------+--------+--------+-----+--------+
         Total |   7184 |   7043 |    141 |     80 |   5788 |   9 |  798.2 |
       Dungeon |   6675 |   6534 |    141 |      0 |   5456 |   8 |  834.4 |
         Sewer |    509 |    509 |      0 |     80 |    331 |   1 |  509.0 |
               +--------+--------+--------+--------+--------+-----+--------+

Top non-repeatable levels by time:
     D:5: 1138 daAuts
     D:7: 994 daAuts
     D:6: 955 daAuts
     D:3: 948 daAuts
     D:2: 822 daAuts
     D:1: 812 daAuts
     D:4: 722 daAuts
   Sewer: 509 daAuts
     D:8: 282 daAuts

Table legend:
 A = Kills in this place as a percentage of kills in entire the game.
 B = Kills by you in this place as a percentage of kills by you in the entire game.
 C = Kills by friends in this place as a percentage of kills by friends in the entire game.
 D = Other kills in this place as a percentage of other kills in the entire game.
 E = Experience gained in this place as a percentage of experience gained in the entire game.
 F = Experience gained in this place divided by the number of levels of this place that you have seen.
                   A       B       C       D       E      F
               +-------+-------+-------+-------+-------+----------------------
         Total | 100.0 | 100.0 |   N/A |   N/A | 100.0 | 371.7
       Dungeon |  93.5 |  93.5 |   N/A |   N/A |  99.0 | 413.9
         Sewer |   6.5 |   6.5 |   N/A |   N/A |   1.0 |  34.0
               +-------+-------+-------+-------+-------+----------------------
